 Dungeon Crawl Stone Soup version 0.27.0-1-g7a089689b8 (webtiles) character file.

Game seed: 15217863611289024727

52 seveneves the Shield-Bearer (level 3, -7/33 HPs)
             Began as a Minotaur Fighter on Aug 4, 2021.
             Killed by nerve-wracking pain
             ... invoked by Grinder
              (12 damage)
             ... on level 3 of the Dungeon.
             The game lasted 00:04:10 (1092 turns).

seveneves the Shield-Bearer (Minotaur Fighter)      Turns: 1092, Time: 00:04:11

Health: -7/33      AC:  9    Str: 21    XL:     3   Next: 60%
Magic:  2/2        EV:  7    Int:  5    God:
Gold:   88         SH:  9    Dex:  9    Spells: 2/2 levels left

rFire    . . .     SeeInvis .   a - +0 long sword
rCold    . . .     Faith    .   c - +0 kite shield
rNeg     . . .     Spirit   .   b - +0 scale mail
rPois    .         Reflect  .   (helmet restricted)
rElec    .         Harm     .   (no cloak)
rCorr    .         Rampage  .   k - +1 pair of gloves
Will     .....                  (no boots)
Stlth    ..........             (no amulet)
HPRegen  0.11/turn              (no ring)
MPRegen  0.08/turn              (no ring)

@: no status effects
A: horns 2, retaliatory headbutt
a: no special abilities


You were on level 3 of the Dungeon.
You visited 1 branch of the dungeon, and saw 3 of its levels.

You collected 88 gold pieces.

Inventory:

Hand Weapons
 a - a +0 long sword (weapon)
Missiles
 j - 5 javelins (quivered)
Armour
 b - a +0 scale mail (worn)
 c - a +0 kite shield (worn)
 k - a +1 pair of gloves (worn)
Scrolls
 e - a scroll of vulnerability {unknown}
 h - 2 scrolls of teleportation
 i - a scroll of identify {unknown}
Potions
 d - 2 potions of might


   Skills:
 + Level 4.1 Fighting
 + Level 3.1 Long Blades
 + Level 4.1 Armour
 + Level 4.4 Shields


You had 2 spell levels left.
You didn't know any spells.
Your spell library contained the following spells:

 Spells                   Type           Power      Damage    Failure   Level
 Conjure Flame            Conj/Fire      0%         6-21      100%        3
 Ignite Poison            Fire/Tmut/Pois 0%         N/A       100%        3
 Sticky Flame             Conj/Fire      0%         2d3       100%        4


Dungeon Overview and Level Annotations

Branches:
Dungeon (3/15)

Altars:
Ashenzari
Makhleb
Uskayaw
The Shining One

Annotations:
D:3 Grinder


Innate Abilities, Weirdness & Mutations

You have a pair of horns on your head.
You reflexively headbutt those who attack you in melee.


Message History

You closely miss the bat. Your headbutt misses the bat. The bat hits you.
You closely miss the bat. You block the bat's attack.
The bat hits you but does no damage. x2
You hit Grinder. Your headbutt misses Grinder.
Grinder is lightly wounded.
Grinder zaps a wand.
You block the puff of flame.
The ball python bites you but does no damage.
The ball python grabs you. The ball python constricts you.
You hit the ball python.
You kill the ball python!
The bat hits you but does no damage. The bat closely misses you.
Grinder barely misses you. Grinder hits you.
You writhe in agony.
You barely miss Grinder. The bat hits you. The bat barely misses you.
Grinder zaps a wand.
The puff of flame hits you!
You are too injured to fight recklessly!
You are too injured to fight recklessly!
You closely miss Grinder. The bat barely misses you. You furiously retaliate!
You headbutt the bat.
You kill the bat!
Grinder hits you.
You writhe in agony.
* * * LOW HITPOINT WARNING * * *
Grinder hits you but does no damage.
You barely miss Grinder. You headbutt Grinder.
Grinder is lightly wounded.
A giant cockroach comes into view.
Grinder hits you.
* * * LOW HITPOINT WARNING * * *
You writhe in agony.
* * * LOW HITPOINT WARNING * * *
You slash Grinder!
Grinder is moderately wounded.
Grinder says, "Don't move a muscle."
Grinder blinks!
The kobold throws a stone.
You block the stone. You block the kobold's attack.
There is an open door here.
You closely miss the kobold.
Grinder zaps a wand.
You block the puff of flame. The kobold barely misses you.
Grinder gestures at you. Pain shoots through your body!
You die...

########.# .#
......#.##.#.#
###.........#.#
#.#...<...._..#.# #
#........._8_.#.###..
##≈#.###..._........#
# #................#
#....#..#.#......#
#.....5...@K....>.
####.######B.....# #.
......# #. ......# #.
......# ....### ....#
....#


You could see Grinder, a giant cockroach and a kobold.

Vanquished Creatures
  2 adders (D:2)
  2 dart slugs (D:1)
  4 endoplasms
  A giant cockroach (D:2)
  5 goblins
  A hobgoblin (D:1)
  2 jackals (D:2)
  3 ball pythons
  5 bats
  A frilled lizard (D:1)
  A kobold (D:1)
  3 rats
30 creatures vanquished.

Notes
Turn   | Place    | Note
-------+----------+-------------------------------------------
     0 | D:1      | seveneves the Minotaur Fighter began the quest for the Orb.
     0 | D:1      | Reached XP level 1. HP: 19/19 MP: 0/0
   258 | D:1      | Reached XP level 2. HP: 25/27 MP: 1/1
   729 | D:2      | Reached XP level 3. HP: 33/33 MP: 2/2
  1070 | D:3      | Found a glowing golden altar of the Shining One.
  1070 | D:3      | Found a hide-covered altar of Uskayaw.
  1070 | D:3      | Found a burning altar of Makhleb.
  1070 | D:3      | Found a broken altar of Ashenzari.
  1082 | D:3      | Noticed Grinder
  1092 | D:3      | Killed from afar by Grinder

Illustrated notes

Levels and vault maps discovered:
D:1:      saegor_arrival_simple_d, layout_loops_ring
D:2:      layout_basic
D:3:      layout_basic, vehumet_altar_wand_db,
          chequers_temple_overflow_statue_of_worship, portal_sewer_entry_d,
          minmay_rat_hole, uniq_grinder

Skill      XL: |  1  2  3 |
---------------+----------+-----
Fighting       | 4 |  4.1
Shields        | 4 |  4.4
Armour         | 4 |  4.1
Long Blades    | 3 |  3.1

Action                   || total
-------------------------++-------
Melee: Long sword        ||    67
       Headbutt          ||     8
  Use: Scroll            ||     2
       Potion            ||     1
Armor: Scale mail        ||    44
Dodge: Dodged            ||    27
Block: Kite shield       ||    44
       Rpst.: Long sword ||     6
